 Dungeon Crawl Stone Soup version 0.24-a0-170-gd8427f5388 (webtiles) character file.

Game seed: 8019868622498023877

520 MirrMurr the Covert (level 7, -2/32 HPs)
             Began as a Spriggan Enchanter on Mar 11, 2019.
             Was an Initiate of Dithmenos.
             Killed by divine providence
             ... invoked by an orc priest
              (14 damage)
             ... on level 4 of the Dungeon.
             The game lasted 00:13:52 (5922 turns).

MirrMurr the Covert (Spriggan Enchanter)            Turns: 5922, Time: 00:13:53

Health: -2/32      AC:  2    Str:  6    XL:     7   Next: 1%
Magic:  9/13       EV: 18    Int: 16    God:    Dithmenos [......]
Gold:   257        SH:  0    Dex: 17    Spells: 4/13 levels left

rFire    . . .     SeeInvis +   a - +1 dagger (pain)
rCold    . . .     Gourm    .   (shield restricted)
rNeg     . . .     Faith    .   b - +0 robe
rPois    .         Spirit   .   (helmet restricted)
rElec    .         Reflect  .   (no cloak)
rCorr    .         Harm     .   (gloves unavailable)
MR       +....                  (boots unavailable)
Stlth    ++++......             (no amulet)
HPRegen  0.10/turn              i - ring of wizardry
MPRegen  0.13/turn              (no ring)

@: lethally poisoned (-2 -> -8), very quick
A: very small, unfitting armour, see invisible, herbivore, speed 3, slow
metabolism 2
a: Renounce Religion


You were on level 4 of the Dungeon.
You worshipped Dithmenos.
Dithmenos was noncommittal.
You were not hungry.

You visited 2 branches of the dungeon, and saw 5 of its levels.

You collected 257 gold pieces.

Inventory:

Hand Weapons
 a - a +1 dagger of pain (weapon)
 p - a +1 dagger
Missiles
 f - 152 stones (quivered)
 h - 40 sling bullets
Armour
 b - a +0 robe (worn)
Jewellery
 i - a ring of wizardry (left hand)
Wands
 o - a wand of acid (9)
 q - a wand of paralysis (6)
Scrolls
 j - a scroll of enchant armour {unknown}
 l - a scroll of immolation
 n - 3 scrolls of teleportation
 r - a scroll of remove curse
 s - 2 scrolls of fear {unknown}
Potions
 d - 2 potions of haste
 e - 2 potions of heal wounds
 g - 3 potions of lignification {unknown}
 k - a potion of cancellation {unknown}
 m - a potion of brilliance {unknown}
Comestibles
 c - 4 rations


   Skills:
 - Level 5.3 Short Blades
 - Level 3.0 Dodging
 - Level 8.1 Stealth
 + Level 3.5 Spellcasting
 * Level 4.9 Hexes


You had 4 spell levels left.
You knew the following spells:

 Your Spells              Type           Power        Failure   Level  Hunger
a - Ensorcelled Hibernat  Hex/Ice        ##....       4%          2    ##.....
b - Confuse               Hex            ###.....     2%          3    ###....
c - Tukima's Dance        Hex            ###.....     2%          3    ###....
C - Corona                Hex            ###....      1%          1    None

Your spell library contained the following spells:

 Spells                   Type           Power        Failure   Level  Hunger
 Dazzling Spray           Conj/Hex       ##....       8%          3    ###....


Dungeon Overview and Level Annotations

Branches:
Dungeon (4/15)             Temple (1/1) D:4

Altars:
Ashenzari
Cheibriados
Dithmenos
Elyvilon
Fedhas
Gozag
Hepliaklqana
Kikubaaqudgha
Makhleb
Nemelex Xobeh
Qazlal
Ru
Sif Muna
Trog
Uskayaw
Vehumet
Wu Jian
Xom
Yredelemnul
Zin
The Shining One


Innate Abilities, Weirdness & Mutations

You are very small and have problems with some larger weapons.
You are too small for most types of armour.
You have supernaturally acute eyesight. (SInv)
You are a herbivore.
You cover ground extremely quickly.
You need to consume almost no food.


Message History

Press: ? - help, Shift-Dir - straight line, f - leopard gecko
Aim: a leopard gecko (clinging, chance to defeat MR: 59%)
The leopard gecko looks drowsy...
You feel sick.
The helpless leopard gecko fails to defend itself.
You spit the leopard gecko like a pig!!!
You kill the leopard gecko!
Dithmenos accepts your kill.
You feel sick.
You feel sick. The orc misses you.
You feel sick.
You feel sick.
The orc shouts!
You hear a shout!
The orc barely misses you. The orc priest misses you.
You hear a shout!
You feel sick.
You feel sick.
The orc priest invokes the aid of Beogh against you.
Beogh smites you!
You die...

.####......##....##..#####...#...
...##.......#....###.####..###..$
...###.####.#....# #......## #...
...###.# #.#....# #o.##### #...
...##..# #..#######o.#### ####
....#.## ##....#..o.....#
......## ####..........#
.......## ##.........#
.#...#..#### #@#########
.....##....### #...####
[.....####...# ###....##
......######.########..#
..........##...(.## ##.##
......###...####..####..##
......# ###..........##..####
......###########....###....#####
oo.........## #....# ####......


You could see an orc priest and 2 orcs.

Vanquished Creatures
  A gnoll sergeant (D:1)
  3 scorpions
  An orc wizard (D:4)
  An iguana (D:4)
  2 worker ants (D:4)
  5 gnolls
  7 adders
  3 worms
  A dart slug (D:1)
  3 leopard geckos
  6 orcs (D:3)
  6 bats
  6 giant cockroaches
  11 goblins
  7 hobgoblins
  6 jackals
  7 kobolds
  A ball python (D:4)
  2 frilled lizards
  8 rats
87 creatures vanquished.

Notes
Turn   | Place    | Note
-------+----------+-------------------------------------------
     0 | D:1      | MirrMurr the Spriggan Enchanter began the quest for the
                  | Orb.
     0 | D:1      | Reached XP level 1. HP: 9/9 MP: 5/5
   366 | D:1      | Reached XP level 2. HP: 11/13 MP: 4/6
   384 | D:1      | Reached skill level 5 in Stealth
   628 | D:1      | Learned a level 2 spell: Ensorcelled Hibernation
  1240 | D:1      | Reached XP level 3. HP: 13/16 MP: 0/8
  2237 | D:1      | Reached skill level 6 in Stealth
  2291 | D:1      | Learned a level 3 spell: Confuse
  2513 | D:2      | Reached XP level 4. HP: 21/21 MP: 9/9
  2637 | D:2      | Noticed a gnoll sergeant
  3400 | D:1      | Killed a gnoll sergeant
  3400 | D:1      | Reached skill level 7 in Stealth
  3400 | D:1      | Reached XP level 5. HP: 23/24 MP: 3/10
  3739 | D:3      | Learned a level 3 spell: Tukima's Dance
  4458 | D:3      | Found a bloodstained altar of Trog.
  4848 | D:4      | Reached skill level 8 in Stealth
  4848 | D:4      | Reached XP level 6. HP: 28/28 MP: 11/11
  4937 | D:3      | Reached skill level 5 in Short Blades
  5399 | D:4      | Found a staircase to the Ecumenical Temple.
  5407 | Temple   | Entered the Ecumenical Temple
  5498 | Temple   | Became a worshipper of Dithmenos the Shadowed
  5749 | D:4      | HP: 1/28 [orc wizard/+0 dagger (2)]
  5904 | D:4      | Reached XP level 7. HP: 20/32 MP: 10/13
  5922 | D:4      | Killed from afar by an orc priest

Levels and vault maps discovered:
D:1:      wander_arrival_desolate, layout_basic
D:2:      layout_basic, minmay_misc_feat_diagonals
D:3:      layout_loops_corners, hangedman_decor_lopped, trog_book
D:4:      layout_rooms, minmay_temple_entry_sparse_star, first_ration,
          uniq_edmund
Temple:   compressed_dpeg_circular_temple

Skill      XL: |  1  2  3  4  5  6 |
---------------+-------------------+-----
Stealth        | 5 6 7 8 |  8.1
Short Blades   | 2 3 4 5 |  5.3
Spellcasting   | 3 |  3.5
Hexes          | 4 |  4.9
Dodging        | |  3.0

Action                   |  1- 3 |  4- 6 |  7- 9 || total
-------------------------+-------+-------+-------++-------
Melee: Dagger            |   190 |   174 |     1 ||   365
 Cast: Corona            |     8 |       |       ||     8
       Ensorcelled Hiber |    17 |    45 |     1 ||    63
       Confuse           |       |     2 |       ||     2
  Use: Scroll            |     1 |     5 |       ||     6
       Potion            |       |     1 |       ||     1
 Stab: Sleeping          |    12 |    36 |     1 ||    49
  Eat: Ration            |     1 |     3 |       ||     4
Armor: Robe              |    29 |    19 |       ||    48
Dodge: Dodged            |   200 |   140 |     3 ||   343

Table legend:
 A = Non-vault XP
 B = Vault XP
 C = Vault XP percentage of total XP
 D = Non-vault monster count
 E = Vault monster count
 F = Vault count percentage of total count
                 A         B        C        D         E       F
            +---------+---------+-------+---------+---------+-------
      Total |     743 |       0 |   0.0 |      87 |       0 |   0.0
            +---------+---------+-------+---------+---------+-------
        D:1 |     162 |       0 |   0.0 |      21 |       0 |   0.0
        D:2 |     126 |       0 |   0.0 |      30 |       0 |   0.0
        D:3 |     144 |       0 |   0.0 |      25 |       0 |   0.0
        D:4 |     311 |       0 |   0.0 |      11 |       0 |   0.0
            +---------+---------+-------+---------+---------+-------
